 Dungeon Crawl Stone Soup version 0.30-a0-760-g5a9884bb7c (webtiles) character file.

Game seed: 4186206163342069557

487 Crownlay the Firebug (level 7, -2/50 HPs)
             Began as a Hill Orc Fire Elementalist on Feb 11, 2023.
             Slain by an orc
             ... wielding a +0 trident
              (8 damage)
             ... on level 4 of the Dungeon.
             The game lasted 00:10:46 (4713 turns).

Crownlay the Firebug (Hill Orc Fire Elementalist)   Turns: 4713, Time: 00:10:47

Health: -2/50      AC:  2    Str: 11    XL:     7   Next: 13%
Magic:  8/9        EV: 12    Int: 17    God:
Gold:   218        SH:  0    Dex: 11    Spells: 6/9 levels left

rFire   . . .      SeeInvis .    o - +3 mace
rCold   . . .      Faith    .    (no shield)
rNeg    . . .      Spirit   .    a - +0 robe
rPois   .          Reflect  .    (no helmet)
rElec   .          Harm     .    (no cloak)
rCorr   .          Rampage  .    (no gloves)
Will    .....                    (no boots)
Stlth   ++                       (no amulet)
HPRegen 0.28/turn                (no ring)
MPRegen 0.11/turn                (no ring)

@: no status effects
A: no striking features
a: no special abilities


You were on level 4 of the Dungeon.
You visited 1 branch of the dungeon, and saw 4 of its levels.

You collected 218 gold pieces.

Inventory:

Hand Weapons
 o - a +3 mace (weapon)
Armour
 a - a +0 robe (worn)
Jewellery
 c - a +4 ring of protection
Scrolls
 f - 2 scrolls of vulnerability
 g - 2 scrolls of enchant armour
 h - 2 scrolls of fog
 j - a scroll of immolation {unknown}
 m - a scroll of poison {unknown}
Potions
 e - 3 potions of heal wounds
 i - a potion of haste {unknown}
 k - 2 potions of flight {unknown}
 l - a potion of lignification {unknown}
 n - a potion of resistance {unknown}


   Skills:
 - Level 1.5 Dodging
 - Level 1.5 Stealth
 - Level 1.5 Spellcasting
 + Level 5.1 Conjurations
 + Level 6.5 Fire Magic


You had 6 spell levels left.
You knew the following spells:

 Your Spells              Type           Power      Damage    Failure   Level
a - Foxfire               Conj/Fire      84%        2x1d8     1%          1
b - Scorch                Fire           46%        2d7       1%          2

Your spell library contained the following spells:

 Spells                   Type           Power      Damage    Failure   Level
 Inner Flame              Hex/Fire       12%        N/A       16%         3
 Flame Wave               Conj/Fire      21%        2d8       19%         4
 Dazzling Flash           Conj/Hex       20%        N/A       22%         3
 Hailstorm                Conj/Ice       10%        3d5       22%         3
 Kindle Blastsparks       Fire/Tloc/Air  16%        2d11      26%         3
 Iskenderun's Mystic Bla  Conj/Tloc      10%        2d4       56%         4
 Ice Form                 Ice/Tmut       1%         N/A       90%         4
 Starburst                Conj/Fire      10%        6d5       96%         6
 Simulacrum               Ice/Necr       0%         N/A       100%        6


Dungeon Overview and Level Annotations

Branches:
Dungeon (4/15)
 Temple: D:4-7

Altars:
Fedhas
Ru
Xom
Zin


Message History

You destroy the phantom!
The foxfire hits the orc.
The orc is heavily wounded.
The orc hits you from afar with a +0 trident.
* * * LOW HITPOINT WARNING * * *
The orc barely misses you.
Your Conjurations skill increases to level 5!
You have reached level 7!
Okay, then.
It was a potion of heal wounds.
You feel much better. The orc barely misses you.
The orc hits you from afar with a +0 trident!
Magic courses through your body.
The orc hits you from afar with a +0 trident.
* * * LOW HITPOINT WARNING * * *
The orc closely misses you.
Casting: Foxfire (safe; 1% risk of failure)
Confirm with . or Enter, or press ? or * to list all spells.
You conjure some foxfire!
The orc hits you with a +0 club.
* * * LOW HITPOINT WARNING * * *
The orc barely misses you.
The orc hits you from afar with a +0 trident.
* * * LOW HITPOINT WARNING * * *
You thump the orc!
You kill the orc!
The foxfire hits the orc.
You kill the orc!
The foxfire hits the orc but does no damage.
The orc closely misses you.
Casting: Foxfire (safe; 1% risk of failure)
Confirm with . or Enter, or press ? or * to list all spells.
You conjure some foxfire!
The orc hits you from afar with a +0 trident.
* * * LOW HITPOINT WARNING * * *
The foxfire hits the orc.
The orc is moderately wounded.
The foxfire hits the orc but does no damage.
The orc is moderately wounded.
The orc hits you from afar with a +0 trident!
You die...

#...#...####.#
#...#####...
#...o.###.##+##
#####.........#
..# #....<....#
..#
####.##......#
..#
#......o)....#
..#
#.##.##.)ยง...#
#.#
#.#####..@...#
#.#
#....#########
!.# ## ####.#
####### ..# .
#.####.....#
..#.#
#...##.....+
..#.#
###........#
....#..
#.#......#
#.###.#
#####......#
#.###.#
#.........##


You could see an orc.

Vanquished Creatures
  2 phantoms
  An orc priest (D:3)
  A jelly (D:4)
  Terence (D:3)
  An orc wizard (D:2)
  Natasha (thrice) (D:2)
  A hound skeleton (D:4)
  2 adders
  3 adder zombies (D:4)
  A worm (D:2)
  A dart slug (D:1)
  17 orcs
  8 endoplasms
  3 giant cockroaches
  4 goblins
  8 hobgoblins
  5 jackals (D:1)
  2 quokkas
  9 ball pythons
  2 bats (D:1)
  5 frilled lizards
  8 kobolds
  7 rats
95 creatures vanquished.

Vanquished Creatures (others)
  329 foxfires
329 creatures vanquished.

Grand Total: 424 creatures vanquished

Notes
Turn   | Place    | Note
-------+----------+-------------------------------------------
     0 | D:1      | Crownlay the Hill Orc Fire Elementalist began the quest for
                  | the Orb.
     0 | D:1      | Reached XP level 1. HP: 14/14 MP: 3/3
   484 | D:1      | Reached XP level 2. HP: 19/20 MP: 2/4
   820 | D:1      | Reached XP level 3. HP: 26/26 MP: 2/5
   823 | D:1      | Learned a level 2 spell: Scorch
   923 | D:1      | Reached skill level 4 in Fire Magic
  2033 | D:2      | Noticed Natasha
  2041 | D:2      | Killed Natasha
  2042 | D:2      | Reached XP level 4. HP: 25/33 MP: 1/6
  2251 | D:2      | Found a shimmering altar of Xom.
  2258 | D:2      | Noticed Natasha
  2263 | D:2      | Killed Natasha
  2741 | D:2      | HP: 1/33 [something/puff of flame (4)]
  2743 | D:2      | Reached XP level 5. HP: 1/38 MP: 2/7
  2919 | D:2      | Noticed Natasha
  2928 | D:2      | Killed Natasha
  2929 | D:2      | Reached skill level 5 in Fire Magic
  3023 | D:3      | Found a blossoming altar of Fedhas.
  3403 | D:3      | Found a glowing silver altar of Zin.
  3492 | D:3      | Noticed Terence
  3550 | D:3      | Killed Terence
  3622 | D:3      | Reached XP level 6. HP: 45/45 MP: 5/8
  4035 | D:3      | Found a sacrificial altar of Ru.
  4490 | D:3      | Reached skill level 6 in Fire Magic
  4708 | D:4      | Reached skill level 5 in Conjurations
  4708 | D:4      | Reached XP level 7. HP: 8/50 MP: 0/9
  4713 | D:4      | Slain by an orc

Illustrated notes

Levels and vault maps discovered:
D:1:      dpeg_arrival_short_road, layout_basic
D:2:      layout_loops_corners, basic_altar, uniq_natasha
D:3:      layout_rooms, mainiacjoe_overflow_concentric_impassable,
          nicolae_ru_path_of_blood, mainiacjoe_overflow_alcove_1, uniq_terence
D:4:      layout_basic, minmay_temple_entry_hall, serial_undead,
          serial_undead_d, serial_undead_f, serial_undead_e, serial_undead_c,
          nicolae_goblin_pals

Skill      XL: |  1  2  3  4  5  6 |
---------------+-------------------+-----
Conjurations   | 2 3 4 5 |  5.1
Fire Magic     | 4 5 6 |  6.5
Dodging        | |  1.5
Stealth        | |  1.5
Spellcasting   | |  1.5

Action                     |  1- 3 |  4- 6 |  7- 9 || total
---------------------------+-------+-------+-------++-------
  Melee: Short sword       |    63 |    20 |       ||    83
         Mace              |       |    11 |     1 ||    12
   Cast: Foxfire           |    58 |   140 |     2 ||   200
         Scorch            |     2 |     4 |       ||     6
    Use: Scroll            |       |     3 |       ||     3
         Potion            |       |       |     2 ||     2
   Stab: Sleeping          |       |     1 |       ||     1
 Armour: Robe              |     8 |     7 |       ||    15
  Dodge: Dodged            |    42 |    44 |     4 ||    90

Table legend: (Time is in decaauts)
 A = Elapsed time spent in this place.
 B = Non-inter-level travel time spent in this place.
 C = Inter-level travel time spent in this place.
 D = Time resting spent in this place.
 E = Time spent auto-exploring this place.
 F = Levels seen in this place.
 G = Mean time per level.
                   A        B        C        D        E       F      G
               +--------+--------+--------+--------+--------+-----+--------+
         Total |   4727 |   4589 |    138 |      0 |   3817 |   4 | 1181.8 |
       Dungeon |   4727 |   4589 |    138 |      0 |   3817 |   4 | 1181.8 |
               +--------+--------+--------+--------+--------+-----+--------+

Top non-repeatable levels by time:
     D:1: 1720 daAuts
     D:2: 1384 daAuts
     D:3: 1149 daAuts
     D:4: 473 daAuts
